 Dungeon Sprint DCSS version 0.28-a0-313-gbc0475efdd (webtiles) character file.

Game seed: 6572367581182047935

977 Ankalagon the Severer (level 8, -1/64 HPs)
             Began as a Hill Orc Fighter on Aug 31, 2021.
             Slain by a neqoxec (4 damage)
             ... in the Dungeon (Sprint II: "The Violet Keep of Menkaure").
             The game lasted 00:01:04 (525 turns).

Ankalagon the Severer (Hill Orc Fighter)             Turns: 525, Time: 00:01:05

Health: -1/64      AC:  3    Str: 18 (19) XL:     8   Next: 17%
Magic:  5/5        EV:  9    Int:  0 (8)  God:
Gold:   729        SH: 12    Dex: 12      Spells: 7/7 levels left

rFire   . . .      SeeInvis .   a - +0 war axe
rCold   . . .      Faith    .   c - +0 kite shield
rNeg    . . .      Spirit   .   b - +0 scale mail
rPois   .          Reflect  .   (no helmet)
rElec   .          Harm     .   (no cloak)
rCorr   .          Rampage  .   (no gloves)
Will    .....      NoTele   +   (no boots)
Stlth   ..........              (no amulet)
HPRegen 0.20/turn               (no ring)
MPRegen 0.09/turn               (no ring)

@: slowed, lost intelligence, unable to read, very slow
A: deformed body, deterioration 2, low mp 3, no potion heal 1, inability to read
while threatened
a: no special abilities


You were in the Dungeon.
You visited 1 branch You collected 729 gold pieces.

Inventory:

Hand Weapons
 a - a +0 war axe (weapon)
Armour
 b - a +0 scale mail (worn)
 c - a +0 kite shield (worn)
Scrolls
 j - a scroll of blinking
Potions
 d - a potion of might
 g - a potion of haste
 h - 2 potions of magic


   Skills:
 - Level 3.6 Fighting
 + Level 15.3 Axes
 - Level 3.2 Armour
 + Level 13.3 Shields


You had 7 spell levels left.
You didn't know any spells.
Your spell library was empty.

Dungeon Overview and Level Annotations

Branches:
Dungeon (1/1)

Altars:


Innate Abilities, Weirdness & Mutations

Armour fits poorly on your strangely shaped body.
Your body often deteriorates upon taking damage.
Your magical capacity is extremely low. (-30% MP)
Potions are less effective at restoring your health.
You sometimes lose the ability to read scrolls when taking damage.


Message History

* * * LOW HITPOINT WARNING * * *
Your system partially rejects the healing.
You feel much better.
The walls and floor vibrate strangely for a moment.
The neqoxec hits you.
* * * LOW HITPOINT WARNING * * *
You hit the neqoxec.
The neqoxec is heavily wounded.
The neqoxec gestures at you.
Something tries to feed on your intellect!
You hit the neqoxec but do no damage.
The neqoxec is heavily wounded.
The neqoxec hits you but does no damage.
The neqoxec gestures at you.
Strange energies course through your body.
You feel less energetic.
You completely miss the neqoxec.
The neqoxec is heavily wounded.
You block the neqoxec's attack.
Your system partially rejects the healing.
You feel better. The neqoxec hits you!
* * * LOW HITPOINT WARNING * * *
Your body deteriorates!
You feel weakened.
You closely miss the neqoxec.
The neqoxec is heavily wounded.
The neqoxec misses you. You block the neqoxec's attack.
You closely miss the neqoxec.
The neqoxec is heavily wounded.
The neqoxec barely misses you.
You barely miss the neqoxec.
The neqoxec is heavily wounded.
The neqoxec hits you.
* * * LOW HITPOINT WARNING * * *
You hit the neqoxec.
The neqoxec is heavily wounded.
The neqoxec hits you but does no damage.
You hit the neqoxec but do no damage.
The neqoxec is heavily wounded.
The neqoxec hits you.
You die...

#+# ###.### ##
#..#..# .#
####.#.#### .##
#3###'###.##..#
#.#@##.####.#..#
+3##'.<.'.##+..#
#.
###.##...#....#
##
##†###.##§.§§§.≈
##.#.####
≈.....≈ #..#..#
≈≈≈≈§.≈ ##...##
§≈≈≈≈.≈ ##+##
≈§≈≈≈≈≈ §§≈§≈≈≈


You could see a neqoxec.

Vanquished Creatures
  3 neqoxecs (D)
  4 necrophages (D)
  4 scorpions (D)
  3 worms (D)
14 creatures vanquished.

Vanquished Creatures (others)
  Menkaure (D)
  A water moccasin (D)
2 creatures vanquished.

Grand Total: 16 creatures vanquished

Notes
Turn   | Place    | Note
-------+----------+-------------------------------------------
     0 | D        | Ankalagon the Hill Orc Fighter began the quest for the Orb.
     0 | D        | Reached XP level 1. HP: 19/19 MP: 1/1
     1 | D        | Noticed a scorpion
     1 | D        | Noticed a scorpion
     1 | D        | Noticed a scorpion
     1 | D        | Noticed a scorpion
     7 | D        | Killed a scorpion
     8 | D        | Reached skill level 7 in Axes
     8 | D        | Reached XP level 2. HP: 26/26 MP: 2/2
     8 | D        | Reached XP level 3. HP: 31/31 MP: 3/3
     8 | D        | Reached XP level 4. HP: 39/39 MP: 4/4
     8 | D        | Killed a scorpion
     9 | D        | Reached skill level 9 in Axes
    11 | D        | Killed a scorpion
    12 | D        | Reached skill level 10 in Axes
    12 | D        | Reached XP level 5. HP: 45/45 MP: 5/5
    15 | D        | Reached skill level 11 in Axes
    15 | D        | Reached XP level 6. HP: 51/51 MP: 6/6
    16 | D        | Killed a water moccasin
    31 | D        | Killed Menkaure
   276 | D        | Noticed a necrophage
   276 | D        | Noticed a necrophage
   276 | D        | Noticed a necrophage
   276 | D        | Noticed a necrophage
   286 | D        | Killed a necrophage
   287 | D        | Reached skill level 12 in Axes
   287 | D        | Reached skill level 10 in Shields
   298 | D        | Killed a necrophage
   308 | D        | Killed a necrophage
   309 | D        | Reached skill level 13 in Axes
   309 | D        | Reached XP level 7. HP: 29/57 MP: 7/7
   465 | D        | Noticed a neqoxec
   471 | D        | Gained mutation: Your magical capacity is low. (-10% MP) [a
                  | neqoxec]
   472 | D        | Gained mutation: Your body sometimes deteriorates upon
                  | taking damage. [a neqoxec]
   473 | D        | Gained mutation: Your magical capacity is very low. (-20%
                  | MP) [a neqoxec]
   476 | D        | Gained mutation: You have hidden genetic defects. [a
                  | neqoxec]
   479 | D        | Killed a neqoxec
   480 | D        | Reached skill level 14 in Axes
   481 | D        | Noticed a neqoxec
   481 | D        | Noticed a neqoxec
   481 | D        | Noticed a neqoxec
   489 | D        | Gained mutation: Your body often deteriorates upon taking
                  | damage. [hidden defects]
   493 | D        | Killed a neqoxec
   498 | D        | Lost intelligence.
   505 | D        | Killed a neqoxec
   505 | D        | Gained mutation: You sometimes lose the ability to read
                  | scrolls when taking damage. [a neqoxec]
   506 | D        | Reached skill level 15 in Axes
   506 | D        | Reached XP level 8. HP: 28/64 MP: 6/6
   506 | D        | Gained mutation: Armour fits poorly on your strangely
                  | shaped body. [a neqoxec]
   506 | D        | Gained mutation: Potions are less effective at restoring
                  | your health. [hidden defects]
   506 | D        | Lost mutation: You have hidden genetic defects. [hidden
                  | defects expressed]
   515 | D        | HP: 3/64 [neqoxec (13)]
   518 | D        | Gained mutation: Your magical capacity is extremely low.
                  | (-30% MP) [a neqoxec]
   523 | D        | HP: 2/64 [neqoxec (6)]
   525 | D        | Slain by a neqoxec

Illustrated notes

Levels and vault maps discovered:
D:        the_violet_keep_of_menkaure [sprint2_stairs_cluster_1,
          sprint2_shoproom, sprint2_temple, sprint2_basic_supplies,
          sprint2_obstacle_7, sprint2_obstacle_4, sprint2_obstacle_6,
          sprint2_obstacle_3, sprint2_obstacle_1, sprint2_timed_cluster_1,
          sprint2_smallroom_cluster_1, sprint2_smallroom_final_cluster_1,
          sprint2_transparent_cluster_1, sprint2_second_timed_cluster_1,
          sprint2_sniper_area_1, sprint2_heavy_combat_area_1,
          sprint2_mutation_trap_area_1, sprint2_forest_area_1,
          sprint2_light_combat_area_1, sprint2_behind_water_1,
          sprint2_near_end_vault_1]

Skill      XL: |  1  2  3  4  5  6  7 |
---------------+----------------------+-----
Axes           | 7 10 11 13 15 | 15.3
Shields        | 6 9 11 13 | 13.3
Fighting       | |  3.6
Armour         | |  3.2

Action                   |  1- 3 |  4- 6 |  7- 9 || total
-------------------------+-------+-------+-------++-------
Melee: War axe           |     4 |    49 |    59 ||   112
  Use: Potion            |     1 |       |     2 ||     3
Armor: Scale mail        |       |    11 |     5 ||    16
Dodge: Dodged            |     4 |     7 |     8 ||    19
Block: Kite shield       |     1 |    11 |    20 ||    32

Table legend: (Time is in decaauts)
 A = Elapsed time spent in this place.
 B = Non-inter-level travel time spent in this place.
 C = Inter-level travel time spent in this place.
 D = Time resting spent in this place.
 E = Time spent auto-exploring this place.
 F = Levels seen in this place.
 G = Mean time per level.
                   A        B        C        D        E       F      G
               +--------+--------+--------+--------+--------+-----+--------+
         Total |    534 |    534 |      0 |    365 |      0 |   1 |  534.0 |
       Dungeon |    534 |    534 |      0 |    365 |      0 |   1 |  534.0 |
               +--------+--------+--------+--------+--------+-----+--------+

Top non-repeatable levels by time:
       D: 534 daAuts
